 Dungeon Crawl Stone Soup version 0.30.0-30-g96aa6591b8 (webtiles) character file.

Game seed: 6041370403632359225

8 Pepete the Conjurer (level 2, -1/11 HPs)
             Began as a Felid Conjurer on June 29, 2023.
             Slain by a frilled lizard (3 damage)
             ... on level 1 of the Dungeon.
             The game lasted 00:01:31 (900 turns).

Pepete the Conjurer (Felid Conjurer)                 Turns: 900, Time: 00:01:32

Health: -1/11      AC:  1    Str:  1 (3)  XL:     2   Next: 0%
Magic:  6/6        EV: 17    Int: 18 (19) God:
Gold:   33         SH:  0    Dex: 11 (14) Spells: 4/5 levels left
                                        Lives:  0   Deaths: 0

rFire   . . .        (weapon unavailable)
rCold   . . .        (shield unavailable)
rNeg    . . .        (body armour unavailable)
rPois   .            (helmet unavailable)
rElec   .            (cloak unavailable)
rCorr   .            (gloves unavailable)
SInv    +            (boots unavailable)
Will    .....        (no amulet)
Stlth   ++           (no ring)
HPRegen 0.21/turn    (no ring)
MPRegen 0.10/turn

%: no passive effects
@: hasted, very quick
A: very small, claws 1, fangs 3, see invisible, speed 1, shaggy fur 1, stealthy
paws, no weapons or thrown items, no armour, multi-lived
a: no special abilities


You were on level 1 of the Dungeon.
You visited 1 branch of the dungeon, and saw 1 of its levels.

You collected 33 gold pieces.

Inventory:

Potions
 a - a potion of magic
 b - a potion of degeneration


   Skills:
 + Level 2.9 Dodging
 + Level 2.9 Stealth
 * Level 2.2 Spellcasting
 * Level 3.7 Conjurations


You had 4 spell levels left.
You knew the following spells:

 Your Spells              Type           Power      Damage    Failure   Level
a - Magic Dart            Conj           60%        1d6       3%          1

Your spell library contained the following spells:

 Spells                   Type           Power      Damage    Failure   Level
 Searing Ray              Conj           30%        2d5       6%          2
 Dazzling Flash           Conj/Hex       16%        N/A       24%         3
 Fulminant Prism          Conj/Hex       4%         3d5       63%         4
 Iskenderun's Mystic Bla  Conj/Tloc      8%         2d4       63%         4


Dungeon Overview and Level Annotations

Branches:
Dungeon (1/15)

Altars:


Innate Abilities, Weirdness & Mutations

You have sharp claws.
You have razor-sharp teeth.
You have supernaturally acute eyesight. (SInv)
You cover ground quickly. (Speed+)
You are covered in fur. (AC +1)
Your paws help you pounce on unaware monsters.
You are incapable of wielding weapons or throwing items.
You cannot wear armour.
You gain extra lives every three experience levels.


Message History

The rat closely misses you.
You scratch the rat but do no damage. The frilled lizard closely misses you.
The rat closely misses you.
You barely miss the rat. The rat misses you.
The frilled lizard barely misses you.
You scratch the rat.
The rat is heavily wounded.
The rat misses you. The frilled lizard closely misses you.
You closely miss the rat.
The rat is heavily wounded.
The frilled lizard bites you. The rat bites you.
You barely miss the rat.
The rat is heavily wounded.
The rat closely misses you. The frilled lizard misses you.
You closely miss the rat.
The rat is heavily wounded.
The frilled lizard misses you. The rat bites you.
* * * LOW HITPOINT WARNING * * *
You scratch the rat.
You kill the rat!
The frilled lizard completely misses you.
You have reached level 2!
You see here a rat corpse.
You open the door.
The frilled lizard completely misses you.
Found a silvery potion.
Found 7 gold pieces.
There is an open door here.
You see here 7 gold pieces.
The frilled lizard completely misses you.
You see here a silvery potion.
c - a silvery potion The frilled lizard bites you.
* * * LOW HITPOINT WARNING * * *
It was a potion of degeneration.
There was something very wrong with that liquid.
You feel weakened.
You feel dopey.
You feel clumsy.
It was a potion of haste.
You feel yourself speed up. The frilled lizard misses you.
The frilled lizard bites you.
You die...

#†# #.# #.#
#.# #.# #.#
###+### #.#
######.....#
#.#
#.†..'..l..#
#.#
#.####..l@.#
####.# #.#
#$....#
.....# #.#
#######
.....# #.#
.#..####.#
..l..l.#.#
####.#.#.####
.'.#.#......#
.#l#.###.#.##


You could see 2 frilled lizards.

Vanquished Creatures
  A dart slug (D:1)
  2 endoplasms (D:1)
  3 frilled lizards (D:1)
  A rat (D:1)
7 creatures vanquished.

Notes
Turn   | Place    | Note
-------+----------+-------------------------------------------
     0 | D:1      | Pepete the Felid Conjurer began the quest for the Orb.
     0 | D:1      | Reached XP level 1. HP: 7/7 MP: 4/4
    52 | D:1      | Found a faded altar of an unknown god.
   887 | D:1      | Reached XP level 2. HP: 2/11 MP: 6/6
   900 | D:1      | Slain by a frilled lizard

Illustrated notes

Levels and vault maps discovered:
D:1:      minmay_arrival_three_doors, layout_basic,
          shapermc_ecumenical_altar_flowoftime, minmay_lizard_pond

Action                     || total
---------------------------++-------
  Melee: Unarmed           ||     9
   Cast: Magic Dart        ||    13
    Use: Potion            ||     2
  Dodge: Dodged            ||    17
